 Dungeon Crawl Stone Soup version 0.21.1-1-g345015f (webtiles) character file.

876 Kagorn the Skirmisher (level 8, -6/83 HPs)
             Began as an Ogre Berserker on June 10, 2018.
             Was a Believer of Trog.
             Mangled by Iko's ghost (8 damage)
             ... on level 5 of the Dungeon.
             The game lasted 00:22:19 (4070 turns).

Kagorn the Skirmisher (Ogre Berserker)              Turns: 4070, Time: 00:22:20

Health: -6/83      AC:  3    Str: 19 (22) XL:     8   Next: 4%
Magic:  0/8        EV: 11    Int:  7 (8)  God:    Trog [**....]
Gold:   278        SH:  0    Dex:  9 (10) Spells: 7/7 levels left

rFire    . . .     SeeInvis .   a - +0 giant spiked club
rCold    . . .     Gourm    .   (shield currently unavailable)
rNeg     . . .     Faith    .   r - +0 robe
rPois    .         Spirit   +   (helmet restricted)
rElec    .         Reflect  .   (no cloak)
rCorr    .         Harm     .   (gloves unavailable)
MR       .....                  (boots unavailable)
Stlth    ++........             u - amulet of guardian spirit
HPRegen  0.23/turn              (no ring)
MPRegen  0.11/turn              (no ring)

@: berserk cooldown, slowed, very slow
A: large, unfitting armour, mutation resistance 1, tough skin 1
a: Berserk, Trog's Hand, Burn Spellbooks, Renounce Religion


You were on level 5 of the Dungeon.
You worshipped Trog.
Trog was pleased with you.
You were not hungry.

You visited 1 branch of the dungeon, and saw 5 of its levels.

You collected 278 gold pieces.

Inventory:

Hand Weapons
 a - a +0 giant spiked club (weapon)
 n - a +2 short sword of speed
 y - a +0 giant spiked club
Armour
 b - a +0 animal skin
 o - a +0 shield
 r - a +0 robe (worn)
Jewellery
 u - an amulet of guardian spirit (around neck)
 v - an uncursed amulet of rage
 w - an uncursed amulet of the gourmand
Wands
 t - a wand of polymorph (3)
 x - a wand of random effects (16)
Scrolls
 e - 2 scrolls of identify
 m - a scroll of fear
 p - a scroll of teleportation
Potions
 i - a potion of mutation
 k - a potion of might
Comestibles
 c - 2 rations


   Skills:
 * Level 6.2 Fighting
 * Level 4.3 Maces & Flails
 + Level 2.7 Armour
 + Level 4.2 Dodging
 + Level 2.7 Stealth
 - Level 2.5 Shields


You had 7 spell levels left.
You didn't know any spells.

Dungeon Overview and Level Annotations

Branches:
Dungeon (5/15)             Temple (0/1) D:4

Altars:
Zin

Annotations:
D:5 Iko's ghost, weakling SpCK


Innate Abilities, Weirdness & Mutations

You are too large for most types of armour.
You have tough skin. (AC +1)
You are somewhat resistant to further mutation.


Message History

Iko's ghost is severely damaged.
Iko's ghost whispers, "They're coming for you..."
Iko's ghost hits you!
* * * LOW HITPOINT WARNING * * *
Iko's ghost barely misses you. Iko's ghost misses you.
You miss Iko's ghost.
Iko's ghost is severely damaged.
Iko's ghost misses you. Iko's ghost barely misses you.
You miss Iko's ghost.
Iko's ghost is severely damaged.
Iko's ghost hits you.
* * * LOW HITPOINT WARNING * * *
Iko's ghost hits you.
* * * LOW HITPOINT WARNING * * *
You closely miss Iko's ghost.
Iko's ghost is severely damaged.
Iko's ghost barely misses you. Iko's ghost hits you.
* * * LOW HITPOINT WARNING * * *
Iko's ghost hits you!
You die...

.. #.########
..##..#...>.##
.............##
..............#
...(...$......#
..>.........#
#..W....[.#
#..@......#
#..?......#
#.........#
#.........#
#...†.....#
#..<......#
##.......##
##.....##
#######


You could see Iko's ghost.

Vanquished Creatures
  Pikel (D:4)
  An ogre (D:4)
  2 howler monkeys
  A hound (D:4)
  Terence (D:2)
  Natasha (thrice) (D:2)
  An iguana (D:5)
  5 adders
  A worm (D:3)
  3 dart slugs
  2 leopard geckos (D:2)
  A giant cockroach (D:1)
  2 goblins
  6 hobgoblins
  11 jackals
  6 bats
  A frilled lizard (D:4)
  A jackal skeleton (D:3)
  2 kobolds (D:3)
  2 rats (D:2)
53 creatures vanquished.

Vanquished Creatures (others)
  An ogre (D:4)
  A worker ant (D:4)
  3 gnolls (D:4)
  An adder (D:4)
  A giant cockroach (D:4)
  A frilled lizard (D:4)
8 creatures vanquished.

Grand Total: 61 creatures vanquished

Notes
Turn   | Place    | Note
-------+----------+-------------------------------------------
     0 | D:1      | Kagorn the Ogre Berserker began the quest for the Orb.
     0 | D:1      | Reached XP level 1. HP: 24/24 MP: 1/1
   500 | D:1      | Reached XP level 2. HP: 32/32 MP: 2/2
   906 | D:2      | Noticed Terence
   913 | D:2      | Killed Terence
   913 | D:2      | Reached XP level 3. HP: 40/40 MP: 3/3
   982 | D:2      | Reached skill level 1 in Armour
   982 | D:2      | Reached skill level 1 in Stealth
   987 | D:2      | Noticed Natasha
  1003 | D:2      | Killed Natasha
  1003 | D:2      | Reached XP level 4. HP: 7/49 MP: 4/4
  1296 | D:2      | Noticed Natasha
  1313 | D:2      | Killed Natasha
  1423 | D:2      | Reached ** piety under Trog
  1434 | D:2      | Noticed Natasha
  1445 | D:2      | Killed Natasha
  1445 | D:2      | Reached XP level 5. HP: 42/55 MP: 5/5
  2215 | D:3      | Found a glowing silver altar of Zin.
  2268 | D:3      | Reached skill level 5 in Fighting
  2268 | D:3      | Reached skill level 1 in Shields
  2530 | D:3      | Reached XP level 6. HP: 60/66 MP: 6/6
  2674 | D:4      | Noticed a slave
  2678 | D:4      | Noticed a slave
  2680 | D:4      | Noticed Pikel
  2683 | D:4      | Noticed a slave
  2708 | D:4      | Killed Pikel
  2708 | D:4      | Reached XP level 7. HP: 28/74 MP: 7/7
  2989 | D:4      | Reached skill level 6 in Fighting
  3472 | D:4      | Found a staircase to the Ecumenical Temple.
  3804 | D:4      | Reached XP level 8. HP: 63/83 MP: 5/8
  3814 | D:4      | Gained mutation: You are somewhat resistant to further mutation. [potion of mutation]
  4010 | D:5      | Entered Level 5 of the Dungeon
  4014 | D:5      | Noticed Iko's ghost (weakling SpCK)
  4070 | D:5      | HP: 2/83 [Iko's ghost (3)]
  4070 | D:5      | Mangled by Iko's ghost

Skill      XL: |  1  2  3  4  5  6  7 |
---------------+----------------------+-----
Maces & Flails | 3 4 |  4.3
Dodging        | 3 4 |  4.2
Armour         | 1 2 |  2.7
Stealth        | 1 2 |  2.7
Fighting       | 5 6 |  6.2
Shields        | 1 2 |  2.5

Action                   |  1- 3 |  4- 6 |  7- 9 || total
-------------------------+-------+-------+-------++-------
Melee: Mace              |    40 |       |       ||    40
       Short sword       |    22 |   141 |    56 ||   219
       Unarmed           |       |    19 |     3 ||    22
       Giant spiked club |       |       |    52 ||    52
Invok: Berserk           |     1 |     1 |     2 ||     4
       Trog's Hand       |       |     1 |     1 ||     2
  Use: Scroll            |       |       |     9 ||     9
       Potion            |       |       |     9 ||     9
 Stab: Sleeping          |       |     3 |     1 ||     4
  Eat: Chunk             |     1 |     1 |       ||     2
       Ration            |       |     2 |     2 ||     4
Armor: Animal skin       |    13 |    41 |     5 ||    59
       Robe              |       |       |     9 ||     9
Dodge: Dodged            |    26 |    49 |    53 ||   128
Block: Shield            |       |    63 |    18 ||    81
